 Dungeon Crawl Stone Soup version 0.29.1-debian-1-gc3f1650bb9 (webtiles) character file.

Game seed: 5681690248256587365

94 NinjaNoafa the Chopper (level 4, 0/41 HPs)
             Began as a Hill Orc Monk on Sept 12, 2022.
             Was a Priest of Dithmenos.
             Slain by Crazy Yiuf
             ... wielding a +4 quarterstaff of chaos
              (1 damage)
             ... on level 3 of the Dungeon.
             The game lasted 00:07:40 (3675 turns).

NinjaNoafa the Chopper (Hill Orc Monk)              Turns: 3675, Time: 00:07:41

Health: 0/41       AC:  3    Str: 15    XL:     4   Next: 63%
Magic:  4/4        EV: 12    Int: 23    God:    Dithmenos [***...]
Gold:   219        SH:  0    Dex: 11    Spells: 3/3 levels left

rFire   x . .      SeeInvis .   o - +6 mace of Dividends {freeze, Int+7 Dex-2}
rCold   + . .      Faith    .   (no shield)
rNeg    . . .      Spirit   .   a - +0 robe
rPois   .          Reflect  .   f - +0 helmet
rElec   .          Harm     .   (no cloak)
rCorr   .          Rampage  .   (no gloves)
Will    .....                   (no boots)
Stlth   ++........              (no amulet)
HPRegen 0.13/turn               r - +6 ring of intelligence
MPRegen 0.09/turn               j - ring of ice

@: brilliant, wreathed by umbra
A: subdued magic 1
a: Renounce Religion, Shadow Step


You were on level 3 of the Dungeon.
You worshipped Dithmenos.
Dithmenos was most pleased with you.
You visited 1 branch of the dungeon, and saw 3 of its levels.

You collected 219 gold pieces.

Inventory:

Hand Weapons
 o - the +6 mace of Dividends (weapon) {freeze, Int+7 Dex-2}
   (You found it on level 3 of the Dungeon)

   It freezes those it strikes, dealing additional cold damage.
   It can also slow down cold-blooded creatures.
   Int:       It affects your intelligence (+7).
   Dex:       It affects your dexterity (-2).
Missiles
 c - 22 stones
 e - 6 boomerangs (quivered)
Armour
 a - a +0 robe (worn)
 f - a +0 helmet (worn)
Jewellery
 h - a ring of flight
 j - a ring of ice (right hand)
 m - a ring of protection from cold
 r - a +6 ring of intelligence (left hand)
Scrolls
 d - 3 scrolls of identify {unknown}
 g - a scroll of poison {unknown}
 i - 2 scrolls of enchant armour {unknown}
 k - a scroll of vulnerability {unknown}
 l - 2 scrolls of teleportation {unknown}
 n - a scroll of enchant weapon {unknown}
 q - a scroll of fear {unknown}


   Skills:
 + Level 4.8 Fighting
 - Level 5.0 Axes
 - Level 1.2 Armour
 - Level 3.0 Dodging
 - Level 1.5 Stealth


You had 3 spell levels left.
You didn't know any spells.
Your spell library was empty.

Dungeon Overview and Level Annotations

Branches:
Dungeon (3/15)

Altars:
Dithmenos

Shops:
D:2 [

Annotations:
D:3 Crazy Yiuf


Innate Abilities, Weirdness & Mutations

Your spells are a little easier to cast, but a little less powerful.


Message History

Can't find anything matching that.
There is an open door here.
There is an open door here.
There is an open door here.
Things that are here:
a +0 club; a goblin skeleton Crazy Yiuf shouts!
You open the door. You hit Crazy Yiuf. You freeze Crazy Yiuf.
Crazy Yiuf is lightly wounded.
Crazy Yiuf cries, "Ghoul fast illywillydillykilly!"
Crazy Yiuf hits you with a +4 quarterstaff of chaos!
Crazy Yiuf completely misses you.
You completely miss Crazy Yiuf.
Crazy Yiuf is lightly wounded.
Crazy Yiuf barely misses you.
You hit Crazy Yiuf. You freeze Crazy Yiuf.
Crazy Yiuf is heavily wounded.
Crazy Yiuf flaps his cloak.
Crazy Yiuf completely misses you.
You hit Crazy Yiuf but do no damage.
Crazy Yiuf is heavily wounded.
Crazy Yiuf hits you with a +4 quarterstaff of chaos!
Crazy Yiuf freezes you.
You hit Crazy Yiuf but do no damage.
Crazy Yiuf is heavily wounded.
Crazy Yiuf closely misses you.
Crazy Yiuf hits you with a +4 quarterstaff of chaos.
* * * LOW HITPOINT WARNING * * *
Crazy Yiuf burns you.
* * * LOW HITPOINT WARNING * * *
It was a potion of mutation.
You feel extremely strange.
Your connection to magic feels subdued.
Crazy Yiuf barely misses you.
It was a potion of brilliance.
You feel clever all of a sudden.
Crazy Yiuf hits you with a +4 quarterstaff of chaos.
* * * LOW HITPOINT WARNING * * *
Crazy Yiuf burns you.
You die...

#.##
######....######.###.#
##.###.# #....# #.#
#.# ##...## ♣....♣
#.###.# ##### ♣♣...♣
#.....# ♣♣.♣♣ #######
♣♣.♣ ######## ♣.♣♣
#......# ♣♣.♣ #.##...#
♣@♣♣ #.#....# #g#
########### #.#....#
... #.........#
###.#....# #...#
#.#######.# #........#
#)..# ### #.# #
#.#.#....# #####
####.## # #.#......#
#...... ###.##.....###
### #.##...
....##.......# ##'##
#.####.


You could see Crazy Yiuf.

Vanquished Creatures
  Robin (D:2)
  A worm (D:3)
  3 dart slugs
  An orc (D:3)
  3 bats
  5 endoplasms
  A giant cockroach (D:3)
  14 goblins
  9 hobgoblins
  4 jackals (D:1)
  5 kobolds
  A quokka (D:2)
  5 ball pythons
  4 frilled lizards
  9 rats
66 creatures vanquished.

Notes
Turn   | Place    | Note
-------+----------+-------------------------------------------
     0 | D:1      | NinjaNoafa the Hill Orc Monk began the quest for the Orb.
     0 | D:1      | Reached XP level 1. HP: 19/19 MP: 1/1
   109 | D:1      | Reached XP level 2. HP: 24/26 MP: 2/2
   207 | D:1      | You fall into a shaft and drop 1 floor!
   309 | D:2      | Found Rufy's Antique Armour Boutique.
   349 | D:1      | Reached skill level 5 in Axes
   553 | D:1      | Reached skill level 1 in Armour
   553 | D:1      | Reached XP level 3. HP: 33/33 MP: 3/3
   763 | D:1      | Found a faded altar of an unknown god.
   770 | D:1      | Prayed at the altar of an unknown god.
   770 | D:1      | Became a worshipper of Dithmenos the Shadowed
   770 | D:1      | Reached * piety under Dithmenos
   770 | D:1      | Reached ** piety under Dithmenos
  1532 | D:1      | Reached *** piety under Dithmenos
  1855 | D:2      | Noticed Robin
  2034 | D:2      | Killed Robin
  2035 | D:2      | Reached XP level 4. HP: 19/41 MP: 4/4
  2760 | D:3      | Found a runed translucent door.
  2761 | D:3      | Noticed Crazy Yiuf
  3009 | D:3      | Identified the +6 mace of Dividends {freeze, Int+7 Dex-2}
  3674 | D:3      | Gained mutation: Your spells are a little easier to cast,
                  | but a little less powerful. [potion of mutation]
  3675 | D:3      | HP: 1/41 [Crazy Yiuf/+4 quarterstaff of chaos (4)]
  3675 | D:3      | Slain by Crazy Yiuf

Illustrated notes

Levels and vault maps discovered:
D:1:      matt_arrival_grand_opening, layout_basic,
          dreamdust_ecumenical_altar_hidden_monk_grotto
D:2:      layout_basic, serial_shops, nicolae_lakefront_shop, uniq_robin
D:3:      layout_loops_corners, uniq_crazy_yiuf_cottage

Skill      XL: |  1  2  3  4 |
---------------+-------------+-----
Axes           | 5 |  5.0
Armour         | 1 |  1.2
Fighting       | 4 |  4.8
Dodging        | 3 |  3.0
Stealth        | |  1.5

Action                   |  1- 3 |  4- 6 || total
-------------------------+-------+-------++-------
Melee: Hand axe          |    75 |       ||    75
       Dagger            |    59 |    47 ||   106
       Mace              |       |    22 ||    22
       Punch             |       |     1 ||     1
 Fire: Sling             |     2 |     1 ||     3
Throw: Boomerang         |    27 |       ||    27
  Use: Potion            |     4 |     2 ||     6
       Scroll            |       |     1 ||     1
 Stab: Sleeping          |     3 |     2 ||     5
Armor: Robe              |    32 |    13 ||    45
       Skin              |    20 |    38 ||    58
Dodge: Dodged            |   123 |    40 ||   163
